 Dungeon Crawl Stone Soup version 0.21-a0-39-g28ea6b7 (webtiles) character file.

82 HAL9000 the Changer (level 4, -4/21 HPs)
             Began as a Vine Stalker Transmuter on May 30, 2017.
             Slain by a gnoll
             ... wielding a +0 flail
              (9 damage)
             ... on level 2 of the Dungeon.
             The game lasted 00:05:55 (2509 turns).

HAL9000 the Changer (Vine Stalker Transmuter)       Turns: 2509, Time: 00:05:56

Health: -4/21      AC:  2    Str: 12    XL:     4   Next: 43%
Magic:  0/8        EV: 12    Int: 13    God:
Gold:   147        SH:  0    Dex: 16    Spells: 1/7 levels left

rFire    . . .     SeeInvis .     - Unarmed
rCold    . . .     Gourm    +   (no shield)
rNeg     . . .     Faith    .   b - +0 robe
rPois    .         Spirit   +   (no helmet)
rElec    .         Reflect  .   (no cloak)
rCorr    .         Harm     .   (no gloves)
MR       .....                  (no boots)
Stlth    +.........             t - amulet of the gourmand
Regen    0.5/turn               (no ring)
MPRegen  0.2/turn               (no ring)

@: appendage, very slightly contaminated
A: fangs 2, horns 2, regeneration 1, magic shield, antimagic bite, no potion
heal 3, rot immunity
a: End Transformation


You were on level 2 of the Dungeon.
You were very full.
You had grown temporary horns.
You visited 1 branch of the dungeon, and saw 3 of its levels.

You collected 147 gold pieces.

Inventory:

Missiles
 a - 25 arrows (quivered)
 p - 5 tomahawks
Armour
 b - a +0 robe (worn)
Jewellery
 t - an amulet of the gourmand (around neck)
Scrolls
 g - 4 scrolls of identify {unknown}
 h - 2 scrolls of magic mapping {unknown}
 i - 2 scrolls of enchant weapon {unknown}
 j - a scroll of fear {unknown}
 k - a scroll of blinking {unknown}
 l - a scroll of remove curse {unknown}
 s - 2 scrolls of teleportation {unknown}
Potions
 n - a potion of brilliance {unknown}
 q - a potion of ambrosia {unknown}
 u - a potion of might {unknown}
Books
 c - a book of Changes

   Spells                             Type                      Level
   a - Beastly Appendage              Transmutation                1
   b - Sticks to Snakes               Transmutation                2
   c - Spider Form                    Transmutation/Poison         3
   d - Ice Form                       Ice/Transmutation            4
   e - Blade Hands                    Transmutation                5
Comestibles
 d - 6 bread rations
 o - a meat ration


   Skills:
 - Level 0.8 Fighting
 - Level 1.5 Dodging
 + Level 3.8 Unarmed Combat
 - Level 2.1 Spellcasting
 * Level 3.8 Transmutations


You had one spell level left.
You knew the following spells:

 Your Spells              Type           Power        Failure   Level  Hunger
a - Beastly Appendage     Tmut           ##....       5%          1    ##.....
b - Sticks to Snakes      Tmut           ##......     8%          2    ###....
c - Spider Form           Tmut/Pois      #.........   34%         3    ####...


Dungeon Overview and Level Annotations

Branches:
Dungeon (3/15)

Altars:
Fedhas


Innate Abilities, Weirdness & Mutations

You have extremely sharp teeth.
Your natural rate of healing is unusually fast.
When hurt, damage is shared between your health and your magic reserves.
Your bite disrupts and absorbs the magic of your enemies.
Potions cannot restore your health.
You are immune to rotting.
You have a pair of horns on your head.


Message History

Unknown command.
Casting: Beastly Appendage
Confirm with . or Enter, or press ? or * to list all spells.
You grow a pair of large bovine horns.
The gnoll misses you.
You hit the gnoll but do no damage. The gnoll hits you with a flail!
You hit the gnoll. Your bite misses the gnoll.
The gnoll is moderately wounded.
The gnoll hits you with a flail.
* * * LOW HITPOINT WARNING * * *
Casting: Beastly Appendage
Confirm with . or Enter, or press ? or * to list all spells.
You create a snake!
You now have 25 arrows.
The gnoll hits you with a flail.
* * * LOW HITPOINT WARNING * * *
You swap places.
Your ball python barely misses the gnoll.
Your ball python completely misses the gnoll.
Your ball python bites the gnoll but does no damage.
Your ball python closely misses the gnoll.
The gnoll hits you with a flail!
You die...

.#.#.###.####......# #.....# #
......).....>......# #.#.#.# #
.#.#..##.###.......# #.#.#.# #
.#.#..##.##......### #.#.#.# #
.#.#...#.##......# #.#.#.# #
...#.#.#.##......# #.#.#.# #
####.#...##.....S# #.#.#.# #
.....##......###g# #.#.#### #
###........#.###@# #.#.##.###
# ...........'.....#
#.###....# #
###........#[#####
#.#.##.#.### #........#.#
#.#.####.... #........#.#
#.#.#.######
#........#.#########.#.#.###
#########'##...............#.#
.# #.##..########.#.###.# .#
#.##..# #.#.# #.#


You could see a gnoll and a friendly ball python.

Vanquished Creatures
  A gnoll (D:1)
  An adder (D:2)
  3 worms (D:2)
  A dart slug (D:3)
  2 leopard geckos
  2 giant cockroaches (D:1)
  6 goblins
  10 hobgoblins
  2 kobolds
  6 bats
  3 frilled lizards
  5 rats
42 creatures vanquished.

Vanquished Creatures (collateral kills)
  An adder (D:2)
1 creature vanquished.

Grand Total: 43 creatures vanquished

Notes
Turn   | Place    | Note
-------+----------+-------------------------------------------
     0 | D:1      | HAL9000 the Vine Stalker Transmuter began the quest for the Orb.
     0 | D:1      | Reached XP level 1. HP: 9/9 MP: 4/4
    22 | D:1      | Reached XP level 2. HP: 10/14 MP: 6/6
   271 | D:1      | Learned a level 2 spell: Sticks to Snakes
   570 | D:1      | Reached XP level 3. HP: 9/17 MP: 7/7
  1324 | D:2      | Gained mutation: Your natural rate of healing is unusually fast. [Vine Stalker growth]
  1324 | D:2      | Reached XP level 4. HP: 10/21 MP: 4/8
  1889 | D:2      | Found a blossoming altar of Fedhas.
  2009 | D:2      | Learned a level 3 spell: Spider Form
  2509 | D:2      | Slain by a gnoll

Vault maps used:
D:1:      tarquinn_simple_flora_water_d, minivault_5
D:2:      overflow_temple_1_default, first_bread, kennysheep_flooded_box,
          nrook_loot_triangle

Skill      XL: |  1  2 |
---------------+-------+-----
Transmutations | 3 |  3.8
Fighting       | |  0.8
Dodging        | |  1.5
Unarmed Combat | |  3.8
Spellcasting   | |  2.1

Action                   |  1- 3 |  4- 6 || total
-------------------------+-------+-------++-------
Melee: Unarmed           |    96 |    37 ||   133
       Bite              |    21 |    13 ||    34
       Headbutt          |     2 |     1 ||     3
       Kick              |     7 |     7 ||    14
       Punch             |     2 |     2 ||     4
 Cast: Beastly Appendage |    14 |     5 ||    19
       Sticks to Snakes  |     2 |     2 ||     4
 Stab: Sleeping          |       |     4 ||     4
  Eat: Chunk             |     2 |    15 ||    17
Armor: Robe              |    20 |     1 ||    21
Dodge: Dodged            |    60 |    24 ||    84
